AAA EAST
GWINNETT STRIPERS @ TOLEDO MUD HENS
04/18/2042
 
TOP OF THE 1ST
Gwinnett Stripers batting - Pitching for Toledo Mud Hens : LHP Jim Bermúdez
Pitching: LHP Jim Bermúdez
Batting: RHB Juan Cervantes 0-0: Ground out 5-3 (Groundball, 56, EV 87.5 MPH)
Batting: RHB Sean Vaughan 0-0: Ball
1-0: Ball
2-0: Ground out 6-3 (Groundball, 6, EV 99.4 MPH)
Batting: RHB Sean Prince 0-0: Called Strike
0-1: SOLO HOME RUN (Flyball, 78XD, EV 106.9 MPH), Distance : 421 ft
Batting: LHB Joey Huff 0-0: Swinging Strike
0-1: Ball
1-1: Swinging Strike
1-2: Foul Ball, location: 5FF
1-2: Fly out, F8 (Flyball, 8LXD, EV 110.6 MPH)
Top of the 1st over - 1 run, 1 hit, 0 errors, 0 left on base; Gwinnett 1 - Toledo 0
BOTTOM OF THE 1ST
Toledo Mud Hens batting - Pitching for Gwinnett Stripers : LHP Víctor Gómez
Pitching: LHP Víctor Gómez
Batting: LHB Jon Bray 0-0: Called Strike
0-1: Ball
1-1: Ball
2-1: Ball
3-1: Base on Balls
Batting: LHB José García 0-0: Fly out, F9 (Flyball, 9, EV 99.4 MPH)
Batting: RHB Tache Grigore 0-0: Called Strike
0-1: Called Strike
Jon Bray steals 2nd base
0-2: Foul Ball, location: 3FF
0-2: 2-RUN HOME RUN (Flyball, 78XD, EV 106.9 MPH), Distance : 400 ft
Batting: LHB Kevin Richter 0-0: Ball
1-0: Swinging Strike
1-1: Called Strike
1-2: Strikes out swinging
Batting: RHB Don Lewis 0-0: Ball
1-0: Ball
2-0: Fly out, F7 (Flyball, 7D, EV 110.6 MPH)
Bottom of the 1st over - 2 runs, 1 hit, 0 errors, 0 left on base; Gwinnett 1 - Toledo 2
TOP OF THE 2ND
Gwinnett Stripers batting - Pitching for Toledo Mud Hens : LHP Jim Bermúdez
Batting: RHB José Márquez 0-0: Foul Ball, location: 2F
0-1: SINGLE (Groundball, P, EV 84.4 MPH) (infield hit)
Batting: RHB Chris Sullivan 0-0: Ball
1-0: Sac Bunt to 15 - play at first, batter OUT! 1-3
José Márquez to second
Batting: RHB Artie McCall 0-0: Ground out 4-3 (Groundball, 4, EV 105.6 MPH)
José Márquez to third
Batting: RHB Dave Stuart 0-0: Called Strike
0-1: Ball
1-1: Ball
2-1: Fly out, F8 (Flyball, 8RM, EV 102.5 MPH)
Top of the 2nd over - 0 runs, 1 hit, 0 errors, 1 left on base; Gwinnett 1 - Toledo 2
BOTTOM OF THE 2ND
Toledo Mud Hens batting - Pitching for Gwinnett Stripers : LHP Víctor Gómez
Batting: LHB Omar Padilla 0-0: Foul Ball, location: 2F
0-1: Ball
1-1: Swinging Strike
1-2: Strikes out looking
Batting: RHB José Castillo 0-0: SINGLE (Groundball, 13S, EV 68.8 MPH) (infield hit)
Batting: SHB Luis Alemán 0-0: Called Strike
0-1: Ball
1-1: Foul Ball, location: 2LF
1-2: Fly out, F4 (Popup, 4M, EV 70.0 MPH)
Batting: RHB Joe Smith 0-0: Called Strike
José Castillo is caught stealing 2nd base 2-4
Bottom of the 2nd over - 0 runs, 1 hit, 0 errors, 0 left on base; Gwinnett 1 - Toledo 2
TOP OF THE 3RD
Gwinnett Stripers batting - Pitching for Toledo Mud Hens : LHP Jim Bermúdez
Batting: RHB Shawn Wright 0-0: Called Strike
0-1: Called Strike
0-2: Ground out U3 (Groundball, 3, EV 80.6 MPH)
Batting: RHB Juan Cervantes 0-0: Foul Ball, location: 7LSF
0-1: Called Strike
0-2: Ball
1-2: Ball
2-2: Strikes out looking
Batting: RHB Sean Vaughan 0-0: Ball
1-0: Ground out 4-3 (Groundball, 4, EV 101.9 MPH)
Top of the 3rd over - 0 runs, 0 hits, 0 errors, 0 left on base; Gwinnett 1 - Toledo 2
BOTTOM OF THE 3RD
Toledo Mud Hens batting - Pitching for Gwinnett Stripers : LHP Víctor Gómez
Batting: RHB Joe Smith 0-0: Foul Ball, location: 2F
0-1: Called Strike
0-2: Ball
1-2: Ball
2-2: Strikes out swinging
Batting: LHB Jon Bray 0-0: Fly out, F3 (Popup, 23F, EV 93.1 MPH)
Batting: LHB José García 0-0: DOUBLE (Line Drive, 9LM, EV 105.0 MPH)
Batting: RHB Tache Grigore 0-0: Called Strike
0-1: Foul Ball, location: 23F
0-2: Ball
1-2: Strikes out swinging
Bottom of the 3rd over - 0 runs, 1 hit, 0 errors, 1 left on base; Gwinnett 1 - Toledo 2
TOP OF THE 4TH
Gwinnett Stripers batting - Pitching for Toledo Mud Hens : LHP Jim Bermúdez
Batting: RHB Sean Prince 0-0: Ball
1-0: Foul Ball, location: 2F
1-1: SINGLE (Flyball, 78S, EV 86.3 MPH)
Batting: LHB Joey Huff 0-0: Ball
1-0: SINGLE (Groundball, 13, EV 86.9 MPH) (infield hit)
Sean Prince to second
Batting: RHB José Márquez 0-0: Called Strike
0-1: Ball
1-1: Swinging Strike
1-2: Ball
2-2: Foul Ball, location: 23FF
2-2: Strikes out looking
Batting: RHB Chris Sullivan 0-0: Called Strike
0-1: Ball
1-1: Swinging Strike
1-2: Foul Ball, location: 2F
1-2: Ball
2-2: Ball
3-2: Grounds into double play, 5-4-3 (Groundball, 56, EV 76.3 MPH)
Top of the 4th over - 0 runs, 2 hits, 0 errors, 1 left on base; Gwinnett 1 - Toledo 2
BOTTOM OF THE 4TH
Toledo Mud Hens batting - Pitching for Gwinnett Stripers : LHP Víctor Gómez
Batting: LHB Kevin Richter 0-0: Foul Ball, location: 2RF
0-1: Foul Ball, location: 2F
0-2: Ball
1-2: Foul Ball, location: 5F
1-2: Ball
2-2: Ball
3-2: Fly out, F9 (Flyball, 9D, EV 81.9 MPH)
Batting: RHB Don Lewis 0-0: Swinging Strike
0-1: Ball
1-1: Swinging Strike
1-2: Ball
2-2: Ball
3-2: SINGLE (Line Drive, 7S, EV 105.0 MPH)
Batting: LHB Omar Padilla 0-0: Ball
1-0: DOUBLE (Groundball, 3L, EV 104.4 MPH)
Don Lewis to third
Batting: RHB José Castillo 0-0: Ball
1-0: Foul Ball, location: 2F
1-1: Ground out 5-3 (Groundball, 56S, EV 91.3 MPH)
Don Lewis scores
Batting: SHB Luis Alemán 0-0: Ball
1-0: Ground out 5-3 (Groundball, 56S, EV 65.0 MPH)
Bottom of the 4th over - 1 run, 2 hits, 0 errors, 1 left on base; Gwinnett 1 - Toledo 3
TOP OF THE 5TH
Gwinnett Stripers batting - Pitching for Toledo Mud Hens : LHP Jim Bermúdez
Batting: RHB Artie McCall 0-0: Ground out U3 (Groundball, 3L, EV 85.6 MPH)
Batting: RHB Dave Stuart 0-0: Ball
1-0: Ball
2-0: Called Strike
2-1: Ball
3-1: Base on Balls
Batting: RHB Shawn Wright 0-0: Ball
1-0: Foul Ball, location: 2F
1-1: Fly out, F8 (Flyball, 78M, EV 91.3 MPH)
Batting: RHB Juan Cervantes 0-0: Ball
1-0: Foul Ball, location: 2F
1-1: Foul Ball, location: 23F
1-2: Ball
2-2: Ground out 4-3 (Groundball, 4S, EV 63.8 MPH)
Top of the 5th over - 0 runs, 0 hits, 0 errors, 1 left on base; Gwinnett 1 - Toledo 3
BOTTOM OF THE 5TH
Toledo Mud Hens batting - Pitching for Gwinnett Stripers : LHP Víctor Gómez
Batting: RHB Joe Smith 0-0: Called Strike
0-1: Fly out, F3 (Popup, 3SF, EV 78.8 MPH)
Batting: LHB Jon Bray 0-0: Ball
1-0: Foul Ball, location: 2F
1-1: Ball
2-1: SINGLE (Groundball, 4MD, EV 105.0 MPH)
Batting: LHB José García 0-0: Called Strike
0-1: Swinging Strike
0-2: Ball
1-2: Strikes out looking
Batting: RHB Tache Grigore 0-0: SINGLE (Groundball, 34, EV 83.1 MPH)
Jon Bray to second
Runner from 2nd tries for 3rd, SAFE, throw by RF made to third
Tache Grigore to second
Batting: LHB Kevin Richter 0-0: Ball
1-0: Foul Ball, location: 3FF
1-1: Ball
2-1: Ground out 4-3 (Groundball, 34D, EV 96.3 MPH)
Bottom of the 5th over - 0 runs, 2 hits, 0 errors, 2 left on base; Gwinnett 1 - Toledo 3
TOP OF THE 6TH
Gwinnett Stripers batting - Pitching for Toledo Mud Hens : LHP Jim Bermúdez
Batting: RHB Sean Vaughan 0-0: Reached on error, E6 (Groundball, 6, EV 106.3 MPH)
Batting: RHB Sean Prince 0-0: Fly out, F6 (Popup, 56, EV 58.1 MPH)
Batting: LHB Joey Huff 0-0: Ball
1-0: Called Strike
1-1: Called Strike
1-2: Strikes out swinging
Batting: RHB José Márquez 0-0: Ball
1-0: Swinging Strike
1-1: Ball
2-1: Foul Ball, location: 5F
2-2: SINGLE (Groundball, 56D, EV 108.8 MPH)
Sean Vaughan to second
Runner from 2nd tries for 3rd, SAFE, throw by LF made to third
Batting: RHB Chris Sullivan 0-0: Ball
1-0: Ball
2-0: Foul Ball, location: 9LSF
2-1: Foul Ball, location: 2F
2-2: SINGLE (Line Drive, 6MD, EV 98.8 MPH)
Sean Vaughan scores
José Márquez to second
Batting: RHB Artie McCall 0-0: Swinging Strike
0-1: Swinging Strike
0-2: Fly out, F9 (Flyball, 9S, EV 91.3 MPH)
Top of the 6th over - 1 run, 2 hits, 1 error, 2 left on base; Gwinnett 2 - Toledo 3
BOTTOM OF THE 6TH
Toledo Mud Hens batting - Pitching for Gwinnett Stripers : LHP Víctor Gómez
Batting: RHB Don Lewis 0-0: Foul Ball, location: 2F
0-1: Ball
1-1: Foul Ball, location: 5F
1-2: Foul Ball, location: 2F
1-2: Ball
2-2: Ground out 6-3 (Groundball, 6, EV 68.1 MPH)
Batting: LHB Omar Padilla 0-0: Called Strike
0-1: Ball
1-1: Ball
2-1: Ball
3-1: Base on Balls
Batting: RHB José Castillo 0-0: Called Strike
Balk!
Omar Padilla to second
0-1: Ball
1-1: Called Strike
1-2: Ball
2-2: Fly out, F9 (Flyball, 9LS, EV 87.5 MPH)
Batting: SHB Luis Alemán 0-0: Ground out 4-3 (Groundball, 4MS, EV 67.5 MPH)
Bottom of the 6th over - 0 runs, 0 hits, 0 errors, 1 left on base; Gwinnett 2 - Toledo 3
TOP OF THE 7TH
Gwinnett Stripers batting - Pitching for Toledo Mud Hens : LHP Jim Bermúdez
Batting: RHB Dave Stuart 0-0: Called Strike
0-1: Ball
1-1: Ball
2-1: Swinging Strike
2-2: Ball
3-2: DOUBLE (Line Drive, 89D, EV 104.4 MPH)
Batting: RHB Shawn Wright 0-0: Called Strike
0-1: Foul Ball, location: 9LDF
0-2: SINGLE (Groundball, 4MS, EV 68.8 MPH) (infield hit)
Dave Stuart to third
Batting: RHB Juan Cervantes 0-0: Ball
1-0: Foul Ball, location: 5SF
1-1: Foul Ball, location: 2F
1-2: Ground out 4-3 (Groundball, 4, EV 102.5 MPH)
Shawn Wright to second
Batting: RHB Sean Vaughan 0-0: Ground out 6-3 (Groundball, 6, EV 106.3 MPH)
Batting: RHB Sean Prince 0-0: Foul Ball, location: 9LSF
0-1: Ball
1-1: SINGLE (Groundball, 6, EV 94.4 MPH)
Dave Stuart scores
Shawn Wright to third
Runner from 3rd tries for Home, SAFE, throw by LF to home
Batting: LHB Joey Huff 0-0: Called Strike
0-1: DOUBLE (Line Drive, 78D, EV 105.6 MPH)
Sean Prince to third
Batting: RHB José Márquez 0-0: Ball
1-0: Called Strike
1-1: Ball
2-1: Foul Ball, location: 2F
2-2: Ground out 5-3 (Groundball, 56S, EV 87.5 MPH)
Top of the 7th over - 2 runs, 4 hits, 0 errors, 2 left on base; Gwinnett 4 - Toledo 3
BOTTOM OF THE 7TH
Toledo Mud Hens batting - Pitching for Gwinnett Stripers : LHP Víctor Gómez
Batting: RHB Joe Smith 0-0: Ball
1-0: Ball
2-0: Ball
3-0: Called Strike
3-1: SINGLE (Groundball, 4D, EV 106.3 MPH)
Batting: LHB Jon Bray 0-0: Fly out, F9 (Flyball, 9S, EV 84.4 MPH)
Batting: RHB Norbert Chandler 0-0: Grounds into double play, 6-4-3 (Groundball, 6, EV 85.6 MPH)
Bottom of the 7th over - 0 runs, 1 hit, 0 errors, 0 left on base; Gwinnett 4 - Toledo 3
TOP OF THE 8TH
Gwinnett Stripers batting - Pitching for Toledo Mud Hens : LHP Jim Bermúdez
Pitching: RHP Lynwood Stroud
Batting: RHB Chris Sullivan 0-0: Fly out, F3 (Popup, 23F, EV 86.9 MPH)
Batting: RHB Artie McCall 0-0: Ball
1-0: Ball
2-0: SINGLE (Line Drive, 8LS, EV 105.6 MPH)
Batting: RHB Dave Stuart 0-0: Fly out, F9 (Line Drive, 9S, EV 90.0 MPH)
Batting: RHB Shawn Wright 0-0: Ball
Artie McCall is caught stealing 2nd base 2-4
Top of the 8th over - 0 runs, 1 hit, 0 errors, 0 left on base; Gwinnett 4 - Toledo 3
BOTTOM OF THE 8TH
Toledo Mud Hens batting - Pitching for Gwinnett Stripers : LHP Víctor Gómez
Batting: RHB Tache Grigore 0-0: Called Strike
0-1: Called Strike
0-2: Strikes out looking
Pinch Hitting: SHB Jorge Figueroa 0-0: Called Strike
0-1: Ball
1-1: Swinging Strike
1-2: Strikes out swinging, 2-3 out at first.
Batting: RHB Don Lewis 0-0: Called Strike
0-1: Ball
1-1: SOLO HOME RUN (Flyball, 78XD, EV 100.0 MPH), Distance : 405 ft
Pinch Hitting: SHB Dana Lewis 0-0: Ball
1-0: Ball
2-0: Ball
3-0: Foul Ball, location: 2F
3-1: Foul Ball, location: 3DF
3-2: Ground out 6-3 (Groundball, 6, EV 86.3 MPH)
Bottom of the 8th over - 1 run, 1 hit, 0 errors, 0 left on base; Gwinnett 4 - Toledo 4
TOP OF THE 9TH
Gwinnett Stripers batting - Pitching for Toledo Mud Hens : RHP Lynwood Stroud
Now at 1B: Dana Lewis
Now in RF: Jorge Figueroa
Pinch Hitting: LHB Víctor Castro 0-0: Called Strike
0-1: Ball
1-1: Foul Ball, location: 3SF
1-2: Ground out 4-3 (Groundball, 4, EV 86.9 MPH)
Batting: RHB Juan Cervantes 0-0: Fly out, F9 (Flyball, 9LS, EV 88.1 MPH)
Batting: RHB Sean Vaughan 0-0: Foul Ball, location: 2F
0-1: Ball
1-1: Ground out 3-1 (Groundball, 34S, EV 66.9 MPH)
Top of the 9th over - 0 runs, 0 hits, 0 errors, 0 left on base; Gwinnett 4 - Toledo 4
BOTTOM OF THE 9TH
Toledo Mud Hens batting - Pitching for Gwinnett Stripers : LHP Víctor Gómez
Pitching: RHP José Flores
Now in CF: Chris Sullivan
Now in RF: Víctor Castro
Pinch Hitting: LHB António García 0-0: Called Strike
0-1: Foul Ball, location: 2F
0-2: Foul Ball, location: 2F
0-2: Ball
1-2: Foul Ball, location: 23F
1-2: Ball
2-2: Ball
3-2: Strikes out looking
Batting: SHB Luis Alemán 0-0: Ball
1-0: Ball
2-0: Ball
3-0: Called Strike
3-1: Fly out, F8 (Flyball, 8LS, EV 93.1 MPH)
Pinch Hitting: SHB Loc Dang 0-0: Ground out 4-3 (Groundball, 4, EV 100.0 MPH)
Bottom of the 9th over - 0 runs, 0 hits, 0 errors, 0 left on base; Gwinnett 4 - Toledo 4
TOP OF THE 10TH
Gwinnett Stripers batting - Pitching for Toledo Mud Hens : RHP Lynwood Stroud
Pitching: LHP Cisco Rodríguez
Now at C: Ken Miller
Now at 3B: António García
Batting: RHB Sean Prince 0-0: Ball
1-0: Ground out 6-3 (Groundball, 6, EV 106.3 MPH)
Pinch Hitting: RHB Shawn Velázquez 0-0: Foul Ball, location: 5FF
0-1: SINGLE (Groundball, 34D, EV 102.5 MPH)
Batting: RHB José Márquez 0-0: Fly out, F7 (Line Drive, 7, EV 86.3 MPH)
Batting: RHB Chris Sullivan 0-0: Called Strike
0-1: Ball
1-1: Fielders Choice at 2nd, 5-4 (Groundball, 56, EV 100.6 MPH)
Top of the 10th over - 0 runs, 1 hit, 0 errors, 1 left on base; Gwinnett 4 - Toledo 4
BOTTOM OF THE 10TH
Toledo Mud Hens batting - Pitching for Gwinnett Stripers : RHP José Flores
Pitching: LHP Phil Schmidt
Now at 3B: Artie McCall
Now at SS: Tong-myeon Lee
Batting: LHB Jon Bray 0-0: Ball
1-0: Fly out, F7 (Line Drive, 7LS, EV 90.0 MPH)
Batting: RHB Norbert Chandler 0-0: Ball
1-0: Swinging Strike
1-1: Ball
2-1: Ball
3-1: Called Strike
3-2: Base on Balls
Batting: RHB Tache Grigore 0-0: Ball
1-0: Foul Ball, location: 9LMF
1-1: Foul Ball, location: 3SF
1-2: Ball
2-2: Foul Ball, location: 2F
2-2: Ball
3-2: 2-RUN HOME RUN (Flyball, 9D, EV 96.9 MPH), Distance : 371 ft
Bottom of the 10th over - 2 runs, 1 hit, 0 errors, 0 left on base; Gwinnett 4 - Toledo 6
Friday, May 3rd , 2024 - OOTP Baseball 24.10 Build 82